AoeStats
← Calculo21

Black Forest

504576634Analyzed
1v1 RM · 25d ago on Sep 5, 2026· 53m 22s· 2 players
Game mode
Random Map
Map size
Tiny (2 player)
Population
200
Speed
Normal
Resources
Standard
Victory
Conquest
Starting age
Dark Age
Ending age
Imperial Age
RankedLock teamsTeams togetherTeam positionsShared explorationLock speedFull tech treeHidden civsTurbo modeCheats
Victory
Defeat
🇦🇷 Vietnamese · Argentina
711
+15
🇨🇴 Franks · Colombia
693
-35
Calculo21
6:15 Loom
11:28 Feudal Age
12:06 Double-Bit Axe
20:35 Scale Barding Armor
25:54 Castle Age
24:25 Forging
26:17 Wheelbarrow
26:54 Bow Saw
27:54 Stone Mining
27:56 Gold Mining
31:14 Hand Cart
32:01 Husbandry
31:33 Pikeman
32:13 Squires
33:54 Hand Cart
35:11 Gold Shaft Mining
38:42 Imperial Age
38:48 Imperial Age
40:29 Ballistics
40:21 Fortified Wall
40:07 Murder Holes
40:52 Hand Cart
42:02 Cavalier
43:17 Halberdier
45:44 Chemistry
45:00 Masonry
44:15 Paladin
47:16 Light Cavalry
50:55 Chain Barding Armor
51:11 Iron Casting
fedepankfede
11:36 Feudal Age
12:56 Wheelbarrow
12:12 Double-Bit Axe
14:12 Horse Collar
15:28 Loom
16:55 Town Watch
17:48 Fletching
17:59 Loom
20:38 Castle Age
18:45 Scale Mail Armor
19:14 Gold Mining
19:36 Padded Archer Armor
21:38 Hand Cart
21:29 Heavy Plow
21:43 Bow Saw
21:30 Elite Skirmisher
22:59 Squires
30:09 Imperial Age
27:47 Bodkin Arrow
28:16 Ballistics
29:15 Chain Mail Armor
31:52 Chemistry
32:30 Elite Fire Lancer
36:17 Pikeman
39:42 Imperial Skirmisher
40:49 Siege Engineers
42:12 Town Patrol
43:31 Paper Money
45:22 Guard Tower
Connection lost

Rejoining the realm…

Still unreachable

The connection could not be restored.

Session expired

The server has moved on; the page needs a fresh start.